 Dungeon Crawl Stone Soup version 0.31-a0-210-gccc998df9b (webtiles) character file.

Game seed: 3645699617478766543

462 qw the Chopper (level 7, -3/38 HPs)
             Began as a Gargoyle Fighter on June 29, 2023.
             Slain by a gnoll
             ... wielding a +0 club
              (5 damage)
             ... on level 4 of the Dungeon.
             The game lasted 00:01:34 (2874 turns).

qw the Chopper (Gargoyle Fighter)                   Turns: 2874, Time: 00:01:34

Health: -3/38      AC: 15    Str: 27 (28) XL:     7   Next: 7%
Magic:  7/7        EV:  9    Int:  6 (8)  God:
Gold:   161        SH:  4    Dex:  9      Spells: 6/6 levels left

rFire   . . .        Y - +3 war axe
rCold   . . .        c - +0 buckler
rNeg    + . .        i - +0 chain mail
rPois   inf          (helmet restricted)
rElec   +            (no cloak)
rCorr   .            (no gloves)
SInv    .            j - +0 pair of boots
Will    .....        (no amulet) Stlth
                     p - +6 ring of strength
HPRegen 0.26/turn    (no ring)
MPRegen 0.10/turn

%: no passive effects
@: no status effects
A: sickness immunity, AC +4, negative energy resistance 1, electricity
resistance, torment resistance 1, petrification resistance, horns 1, frail 1,
MP-powered wands
a: no special abilities


You were on level 4 of the Dungeon.
You visited 1 branch of the dungeon, and saw 4 of its levels.

You collected 161 gold pieces.


Innate Abilities, Weirdness & Mutations

You are immune to sickness and miasma.
Your stone body is resilient. (AC +4)
You are immune to poison.
You resist negative energy. (rN+)
You are resistant to electric shocks. (rElec)
You are resistant to unholy torment.
You are immune to petrification.
You have a pair of small horns on your head.
You are frail. (-10% HP)
You expend magic power (3 MP) to strengthen your wands.


   Skills:
 - Level 4.1 Fighting
 - Level 6.0 Axes
 - Level 3.2 Armour
 + Level 1.7 Dodging
 - Level 3.2 Shields


You had 6 spell levels left.
You didn't know any spells.
Your spell library was empty.

Inventory:

Hand Weapons
 q - a +0 morningstar
 Y - a +3 war axe (weapon)
Armour
 c - a +0 buckler (worn)
 i - a +0 chain mail (worn)
 j - a +0 pair of boots (worn)
Jewellery
 p - a +6 ring of strength (left hand)
Scrolls
 b - a scroll of identify
 l - a scroll of teleportation
Potions
 a - a potion of invisibility {unknown}
 d - a potion of might
 e - a potion of berserk rage {unknown}
 f - a potion of magic {unknown}
 g - a potion of heal wounds
 m - a potion of haste {unknown}
 o - a potion of lignification

Dungeon Overview and Level Annotations

Branches:
Dungeon (4/15)
 Temple: D:4-7

Altars:
Fedhas
Trog
The Shining One

Annotations:
D:4 Menkaure


Message History

You kill the orc wizard!
You closely miss the kobold. You slash the gnoll!
You barely miss the orc wizard. You hit the iguana. The iguana bites you.
The orc wizard casts a spell at you.
The puff of flame hits you but does no damage.
The kobold hits you but does no damage.
The scorpion stings you but does no damage.
The gnoll hits you with a +0 whip. The gnoll barely misses you.
You barely miss the iguana.
The iguana is severely wounded.
You barely miss the kobold. You barely miss the gnoll.
You slash the orc wizard!
You kill the orc wizard!
You closely miss the scorpion.
The scorpion stings you but does no damage.
You block the iguana's attack. You block the kobold's attack.
The gnoll hits you but does no damage. The gnoll closely misses you.
You feel your intelligence returning.
Your Dodging skill increases to level 1!
You slice the iguana!!
You kill the iguana!
You hit the scorpion. You barely miss the kobold. You hit the gnoll.
You kill the gnoll!
You hit the gnoll. You block the scorpion's attack.
The kobold hits you but does no damage.
The gnoll hits you from afar with a +0 spear.
You block the gnoll's attack.
The scorpion stings you but does no damage.
Menkaure hits you.
You have reached level 7!
You slash the gnoll!
You kill the gnoll!
You closely miss the gnoll. You hit Menkaure. You slash the scorpion!
You hit the kobold. The kobold closely misses you.
The gnoll hits you from afar with a +0 spear!
The gnoll hits you with a +0 club. You block the scorpion's attack.
Menkaure hits you but does no damage. The gnoll hits you but does no damage.
The kobold closely misses you. The gnoll hits you with a +0 club.
You die...

+ ### .......##.#
#....... ....
#.###...# .......
.... #..#..### ..
..... #...## .
$....####...#
........#.#..#
..........##.#=#
.....#)#.......#
......g@#.###....
...##gMsK.# ....
......!..# .#..
#......#.../
...w...........
##....$........
#.......#####.#
........# ..


You could see Menkaure (fast), a worm, a scorpion, 2 gnolls and a kobold.

Vanquished Creatures
  A sky beast (D:4)
  2 hounds
  An orc priest (D:2)
  3 iguanas (D:4)
  3 orc wizards
  2 gnolls (D:4)
  3 adders
  2 worms
  2 dart slugs (D:1)
  8 orcs
  7 ball pythons
  3 bats
  5 endoplasms
  4 giant cockroaches
  5 goblins
  3 hobgoblins
  7 jackals
  6 kobolds
  3 frilled lizards
  6 rats
76 creatures vanquished.

Notes
Turn   | Place    | Note
-------+----------+-------------------------------------------
     0 | D:1      | qw the Gargoyle Fighter began the quest for the Orb.
     0 | D:1      | Reached XP level 1. HP: 14/14 MP: 1/1
     0 | D:1      | 0 ||| qw: Version: 0.3-a-24-g62f9e04
     0 | D:1      | 0 ||| qw: Game counter: 6703
     0 | D:1      | 0 ||| qw: Melee chars always use a shield: true
     0 | D:1      | 0 ||| qw: God list: Okawaru
     0 | D:1      | 0 ||| qw: Allow faded altars: false
     0 | D:1      | 0 ||| qw: Do Orc after clearing Dungeon:15 true
     0 | D:1      | 0 ||| qw: Do second Lair branch before Depths: true
     0 | D:1      | 0 ||| qw: Lair rune preference: random
     0 | D:1      | 0 ||| qw: Goals: Normal, Zot:1-4, Slime:5, God:TSO, Crypt,
                  | Tomb, Abyss, Pan, Hells, Win
     0 | D:1      | 0 ||| PLANNING D:1-11
    42 | D:1      | Reached skill level 2 in Axes
    83 | D:1      | 83 ||| Stepping ~*~*~tactically~*~*~ (hiding).
   225 | D:1      | Reached XP level 2. HP: 19/19 MP: 2/2
   308 | D:1      | 308 ||| DROPPING +0 club.
   558 | D:1      | Reached skill level 3 in Axes
   593 | D:1      | Reached XP level 3. HP: 23/23 MP: 3/3
  1101 | D:1      | 1101 ||| UPGRADING to +0 chain mail.
  1111 | D:1      | 1111 ||| DROPPING +0 scale mail.
  1112 | D:1      | 1112 ||| UPGRADING to +0 pair of boots.
  1117 | D:1      | 1117 ||| DROPPING ring of flight.
  1118 | D:1      | 1118 ||| READING scroll labelled BEASORIAXE.
  1119 | D:1      | 1119 ||| READING scroll labelled QOTUOR QOSIU.
  1120 | D:1      | 1120 ||| READING scroll labelled VOCAKA DAAM.
  1268 | D:2      | 1268 ||| Stepping ~*~*~tactically~*~*~ (hiding).
  1280 | D:2      | Reached XP level 4. HP: 13/28 MP: 4/4
  1305 | D:2      | Reached skill level 4 in Axes
  1344 | D:2      | 1344 ||| DROPPING +0 whip.
  1483 | D:2      | 1483 ||| Stepping ~*~*~tactically~*~*~ (stealth).
  1484 | D:2      | 1484 ||| Stepping ~*~*~tactically~*~*~ (stealth).
  1485 | D:2      | 1485 ||| Stepping ~*~*~tactically~*~*~ (stealth).
  1802 | D:3      | Found a faded altar of an unknown god.
  1845 | D:3      | Reached XP level 5. HP: 31/32 MP: 5/5
  1995 | D:3      | 1995 ||| Stepping ~*~*~tactically~*~*~ (stealth).
  1996 | D:3      | 1996 ||| Stepping ~*~*~tactically~*~*~ (hiding).
  2002 | D:3      | 2002 ||| Stepping ~*~*~tactically~*~*~ (hiding).
  2004 | D:3      | 2004 ||| Stepping ~*~*~tactically~*~*~ (stealth).
  2105 | D:3      | 2105 ||| DROPPING +0 flail.
  2115 | D:3      | Found a blossoming altar of Fedhas.
  2115 | D:3      | Found a glowing golden altar of the Shining One.
  2220 | D:3      | Reached skill level 5 in Axes
  2316 | D:3      | Found a bloodstained altar of Trog.
  2521 | D:3      | 2521 ||| UPGRADING to +6 ring of strength.
  2522 | D:3      | 2522 ||| READING 3 scrolls labelled WACRIE EDGHU.
  2523 | D:3      | 2523 ||| READING 2 scrolls of enchant weapon.
  2523 | D:3      | 2523 ||| ENCHANTING +1 war axe.
  2524 | D:3      | 2524 ||| READING scroll of enchant weapon.
  2524 | D:3      | 2524 ||| ENCHANTING +2 war axe.
  2525 | D:3      | 2525 ||| READING 2 scrolls labelled VAMNIT DATYICS.
  2530 | D:3      | 2530 ||| READING scroll labelled KEV JOOMUANT.
  2531 | D:3      | 2531 ||| DRINKING 2 fuming sapphire potions.
  2532 | D:3      | 2532 ||| DRINKING 2 amethyst potions.
  2532 | D:3      | Gained mutation: You are frail. (-10% HP) [potion of
                  | mutation]
  2533 | D:3      | 2533 ||| DRINKING potion of mutation.
  2533 | D:3      | Lost mutation: You are frail. (-10% HP) [potion of
                  | mutation]
  2533 | D:3      | Gained mutation: You are frail. (-10% HP) [potion of
                  | mutation]
  2533 | D:3      | Gained mutation: You expend magic power (3 MP) to
                  | strengthen your wands. [potion of mutation]
  2533 | D:3      | Gained mutation: You have a pair of small horns on your
                  | head. [potion of mutation]
  2534 | D:3      | 2534 ||| DRINKING 2 black potions.
  2535 | D:3      | 2535 ||| DRINKING 2 murky brown potions.
  2559 | D:3      | 2559 ||| DROPPING potion of degeneration.
  2597 | D:4      | 2597 ||| STAIRDANCE
  2664 | D:4      | Reached XP level 6. HP: 24/34 MP: 6/6
  2731 | D:4      | 2731 ||| Stepping ~*~*~tactically~*~*~ (stealth).
  2736 | D:4      | 2736 ||| Stepping ~*~*~tactically~*~*~ (stealth).
  2748 | D:4      | 2748 ||| FLEEEEING.
  2749 | D:4      | 2749 ||| FLEEEEING.
  2750 | D:4      | 2750 ||| FLEEEEING.
  2751 | D:4      | 2751 ||| FLEEEEING.
  2752 | D:4      | 2752 ||| FLEEEEING.
  2753 | D:4      | 2753 ||| FLEEEEING.
  2754 | D:4      | 2754 ||| FLEEEEING.
  2755 | D:4      | 2755 ||| FLEEEEING.
  2824 | D:4      | Noticed a sky beast
  2837 | D:4      | Killed a sky beast
  2863 | D:4      | Noticed Menkaure
  2867 | D:4      | Reached skill level 6 in Axes
  2873 | D:4      | Reached skill level 1 in Dodging
  2874 | D:4      | Reached XP level 7. HP: 13/38 MP: 7/7
  2874 | D:4      | HP: 5/38 [gnoll/+0 spear (8)]
  2874 | D:4      | HP: 2/38 [gnoll/+0 club (3)]
  2874 | D:4      | Slain by a gnoll

Levels and vault maps discovered:
D:1:      dpeg_arrival_brainrot, layout_basic
D:2:      layout_loops_ring
D:3:      layout_rooms, lemuel_crystal_altar, gammafunk_temple_overflow_pools,
          chequers_ecumenical_altar_simple, kennysheep_generic_room_14
D:4:      kennysheep_goblin_castle, layout_rooms, mainiacjoe_overflow_24_doors,
          minmay_crossroads, uniq_menkaure

Skill      XL: |  1  2  3  4  5  6 |
---------------+-------------------+-----
Axes           | 2 3 4 5 6 |  6.0
Fighting       | 4 |  4.1
Dodging        | 1 |  1.7
Armour         | |  3.2
Shields        | |  3.2

Action                     |  1- 3 |  4- 6 |  7- 9 || total
---------------------------+-------+-------+-------++-------
  Melee: War axe           |    74 |   170 |     1 ||   245
         Headbutt          |       |     3 |       ||     3
    Use: Scroll            |     3 |     5 |       ||     8
         Potion            |       |     5 |       ||     5
 Armour: Scale mail        |    28 |       |       ||    28
         Chain mail        |     6 |   114 |     2 ||   122
  Dodge: Dodged            |    23 |    61 |     2 ||    86
  Block: Buckler           |    11 |    30 |     1 ||    42

Table legend:
 A = Non-vault XP
 B = Vault XP
 C = Vault XP percentage of total XP
 D = Non-vault monster count
 E = Vault monster count
 F = Vault count percentage of total count
                 A         B        C        D         E       F
            +---------+---------+-------+---------+---------+-------
      Total |     653 |      21 |   3.1 |      72 |       4 |   5.3
            +---------+---------+-------+---------+---------+-------
        D:1 |      41 |       5 |  10.9 |      22 |       1 |   4.3
        D:2 |      75 |       0 |   0.0 |      13 |       0 |   0.0
        D:3 |     125 |       3 |   2.3 |      19 |       2 |   9.5
        D:4 |     412 |      13 |   3.1 |      18 |       1 |   5.3
            +---------+---------+-------+---------+---------+-------
